 Dungeon Crawl Stone Soup version 0.29-a0-251-g80730f7218 (webtiles) character file.

Game seed: 16916329582480678548

54 BlueGoblin the Ducker (level 3, -1/26 HPs)
             Began as an Octopode Monk on Mar 5, 2022.
             Was a Believer of Uskayaw.
             Succumbed to a scorpion's poison
             ... on level 2 of the Dungeon.
             The game lasted 00:01:35 (1598 turns).

BlueGoblin the Ducker (Octopode Monk)               Turns: 1598, Time: 00:01:35

Health: -1/26      AC:  1    Str: 10    XL:     3   Next: 91%
Magic:  3/3        EV: 15    Int: 12    God:    Uskayaw [**....]
Gold:   39         SH:  0    Dex: 16    Spells: 2/2 levels left

rFire   . . .      SeeInvis .   e - +1 dagger (venom)
rCold   . . .      Faith    .   (no shield)
rNeg    . . .      Spirit   .   (helmet restricted)
rPois   .          Reflect  .   (no amulet)
rElec   .          Harm     .   (no ring)
rCorr   .          Rampage  .   (no ring)
Will    .....      Clarity  +   (no ring)
Stlth   +++.......              (no ring)
HPRegen 0.08/turn               (no ring)
MPRegen 0.08/turn               (no ring)
                                (no ring)
                                (no ring)

@: lethally poisoned (-1 -> -12)
A: almost no armour, amphibious, 8 rings, camouflage 1, gelatinous body 1,
(nimble swimmer 1), tentacles, clarity, MP-powered wands
a: Renounce Religion, Stomp, Line Pass


You were on level 2 of the Dungeon.
You worshipped Uskayaw.
Uskayaw was noncommittal.
You visited 1 branch of the dungeon, and saw 2 of its levels.

You collected 39 gold pieces.

Inventory:

Hand Weapons
 a - a +0 short sword
 e - a +1 dagger of venom (weapon)
Scrolls
 b - a scroll of identify {unknown}
 h - 2 scrolls of enchant armour {unknown}
Potions
 d - a potion of curing {unknown}
 f - a potion of heal wounds {unknown}
 g - 2 potions of lignification {unknown}


   Skills:
 - Level 3.0 Fighting
 - Level 3.0 Short Blades
 + Level 4.7 Dodging
 - Level 2.6 Stealth


You had 2 spell levels left.
You didn't know any spells.
Your spell library was empty.

Dungeon Overview and Level Annotations

Branches:
Dungeon (2/15)

Altars:
Uskayaw
Beogh


Innate Abilities, Weirdness & Mutations

You cannot wear most types of armour.
You are amphibious.
You can wear up to eight rings at the same time.
Your skin changes colour to match your surroundings (Stealth+).
Your rubbery body absorbs attacks. (AC +1, EV +1)
((You are camouflaged when in or above water. (Stealth+)))
You have tentacles for arms and can constrict up to eight enemies at once.
You possess an exceptional clarity of mind.
You expend magic power (3 MP) to strengthen your wands.


Message History

You constrict the adder. The adder completely misses you.
You hit the adder.
You kill the adder!
No target in view!
No target in view!
An adder comes into view.
The adder hisses angrily.
A scorpion comes into view.
There are monsters nearby!
There are monsters nearby!
There are monsters nearby!
The scorpion barely misses you.
You miss the adder. You grab the adder. You constrict the adder.
The adder closely misses you. x2
You hit the adder.
The adder is poisoned.
The adder is moderately wounded.
You constrict the adder. The adder bites you.
You hit the adder.
The adder looks as sick as possible!
The adder is heavily wounded.
You constrict the adder. The adder misses you.
You can now pass through a line of other dancers.
You hit the adder.
You kill the adder!
The scorpion stings you!
You closely miss the scorpion. You grab the scorpion.
You constrict the scorpion, but do no damage.
The scorpion closely misses you.
You hit the scorpion but do no damage.
You constrict the scorpion, but do no damage.
The scorpion stings you!
* * * LOW HITPOINT WARNING * * *
You release your grip on the scorpion.
The scorpion stings you.
* * * LOW HITPOINT WARNING * * *
You are lethally poisoned!
The scorpion poisons you!
It was a potion of mutation.
You feel extremely strange.
Your thoughts seem clearer.
You feel your magical essence link to the dungeon's wands.
You die...

#.# .. #.# #. #.# #
#. #.# ##. #. #.#
.... #. #.# #...#.
#.#
#.....##########.#
#..$.†...s@.....#
.....##############
###


You could see a scorpion.

Vanquished Creatures
  2 adders (D:2)
  A dart slug (D:1)
  3 endoplasms
  2 giant cockroaches
  3 hobgoblins (D:1)
  4 jackals (D:1)
  A quokka (D:2)
  3 ball pythons (D:1)
  5 bats
  A frilled lizard (D:1)
  3 goblins
  2 kobolds
  4 rats
34 creatures vanquished.

Notes
Turn   | Place    | Note
-------+----------+-------------------------------------------
     0 | D:1      | BlueGoblin the Octopode Monk began the quest for the Orb.
     0 | D:1      | Reached XP level 1. HP: 16/16 MP: 1/1
   301 | D:1      | Reached XP level 2. HP: 21/21 MP: 2/2
   923 | D:1      | Reached skill level 4 in Dodging
  1170 | D:1      | Reached XP level 3. HP: 26/26 MP: 3/3
  1207 | D:1      | Found a faded altar of an unknown god.
  1361 | D:1      | Prayed at the altar of an unknown god.
  1361 | D:1      | Became a worshipper of Uskayaw the Reveller
  1361 | D:1      | Reached * piety under Uskayaw
  1361 | D:1      | Reached ** piety under Uskayaw
  1584 | D:2      | Noticed a scorpion
  1598 | D:2      | Gained mutation: You possess an exceptional clarity of
                  | mind. [potion of mutation]
  1598 | D:2      | Gained mutation: You expend magic power (3 MP) to
                  | strengthen your wands. [potion of mutation]
  1598 | D:2      | Succumbed to a scorpion's poison

Illustrated notes

Levels and vault maps discovered:
D:1:      scummos_arrival_simple_crosswalls, layout_basic,
          hellmonk_ecumenical_altar_defaced_shrine
D:2:      layout_loops_ring

Skill      XL: |  1  2 |
---------------+-------+-----
Dodging        | 4 |  4.7
Fighting       | |  3.0
Short Blades   | |  3.0
Stealth        | |  2.6

Action                   || total
-------------------------++-------
Melee: Short sword       ||    34
       Constrict         ||    15
       Tentacles         ||     9
       Dagger            ||    30
  Use: Potion            ||     1
 Stab: Sleeping          ||    16
Armor: Skin              ||     3
Dodge: Dodged            ||    39

Table legend: (Time is in decaauts)
 A = Elapsed time spent in this place.
 B = Non-inter-level travel time spent in this place.
 C = Inter-level travel time spent in this place.
 D = Time resting spent in this place.
 E = Time spent auto-exploring this place.
 F = Levels seen in this place.
 G = Mean time per level.
                   A        B        C        D        E       F      G
               +--------+--------+--------+--------+--------+-----+--------+
         Total |   1590 |   1491 |     99 |    325 |    965 |   2 |  795.0 |
       Dungeon |   1590 |   1491 |     99 |    325 |    965 |   2 |  795.0 |
               +--------+--------+--------+--------+--------+-----+--------+

Top non-repeatable levels by time:
     D:1: 1396 daAuts
     D:2: 194 daAuts
